AoeStats
← Ledic

MegaRandom

506452615Analyzed
2v2 RM · 18d ago on Sep 13, 2026· 68m 30s· 4 players
Game mode
Random Map
Map size
Medium (4 player)
Population
200
Speed
Normal
Resources
Standard
Victory
Conquest
Starting age
Dark Age
Ending age
Imperial Age
RankedLock teamsTeams togetherTeam positionsShared explorationLock speedFull tech treeHidden civsTurbo modeCheats
Victory
Defeat
🇪🇸 Spanish · Spain
1227
+15
🇪🇸 Muisca · Spain
1225
+15
🇨🇳 Dravidians · China
1202
-15
🇹🇷 Slavs · Türkiye
1196
-15
birol.ogluoglu
8:23 Loom
11:03 Feudal Age
11:33 Double-Bit Axe
19:06 Castle Age
17:43 Gold Mining
18:05 Stone Mining
21:04 Horse Collar
23:07 Heavy Plow
26:15 Scale Barding Armor
28:09 Wheelbarrow
28:47 Chain Barding Armor
29:48 Forging
33:28 Imperial Age
32:40 Iron Casting
33:35 Cavalier
35:23 Hand Cart
36:41 Onager
39:13 Heavy Scorpion
43:39 Blast Furnace
52:14 Siege Onager
56:54 Light Cavalry
57:45 Bloodlines
59:55 Plate Barding Armor
61:26 Bow Saw
males
8:06 Loom
10:01 Feudal Age
10:56 Double-Bit Axe
12:49 Gold Mining
19:20 Castle Age
17:10 Horse Collar
17:30 Fletching
18:05 Padded Archer Armor
20:29 Bodkin Arrow
19:56 Crossbowman
21:35 Bow Saw
24:21 Heavy Plow
24:59 Ballistics
28:47 Thumb Ring
35:58 Wheelbarrow
40:08 Hand Cart
39:52 Stone Mining
43:26 Imperial Age
42:36 Masonry
42:21 Murder Holes
42:45 Leather Archer Armor
42:41 Forging
42:37 Scale Barding Armor
42:35 Scale Mail Armor
42:32 Town Watch
44:29 Conscription
47:39 Iron Casting
47:07 Bracer
48:10 Chemistry
46:32 Arbalester
48:06 Wootz Steel
48:22 Hoardings
50:57 Fortified Wall
50:33 Elite Urumi Swordsman
51:44 Town Patrol
55:10 Two-Man Saw
56:01 Chain Mail Armor
56:22 Iron Casting
55:17 Pikeman
55:58 Squires
55:44 Arson
55:49 Halberdier
57:27 Plate Mail Armor
62:14 Coinage
Ledic
7:06 Loom
7:33 Loom
10:45 Feudal Age
16:36 Castle Age
15:05 Double-Bit Axe
16:27 Stone Mining
16:19 Horse Collar
17:44 Heavy Plow
18:03 Bow Saw
20:22 Wheelbarrow
25:17 Scale Mail Armor
26:00 Gold Mining
26:45 Fletching
26:55 Padded Archer Armor
27:29 Ballistics
27:15 Pikeman
27:56 Squires
28:43 Forging
28:36 Padded Archer Armor
32:50 Imperial Age
30:56 Bodkin Arrow
31:21 Leather Archer Armor
32:01 Forging
32:34 Chain Mail Armor
33:32 Bracer
33:59 Siege Engineers
34:04 Thumb Ring
33:56 Champi Runner
40:06 Hand Cart
39:36 Town Watch
40:37 Iron Casting
40:32 Plate Mail Armor
40:17 Elite Guecha Warrior
41:53 Conscription
44:10 Two-Man Saw
43:48 Gold Shaft Mining
44:07 Town Patrol
45:41 Crop Rotation
44:59 Champi Warrior
45:59 Herbalism
47:09 Elite Champi Warrior
64:21 Stone Shaft Mining
64:50 Chemistry
64:01 Masonry
63:47 Murder Holes
63:33 Treadmill Crane
traderino
4:56 Loom
11:37 Feudal Age
12:20 Double-Bit Axe
17:10 Castle Age
19:12 Bow Saw
20:28 Wheelbarrow
22:45 Fletching
26:33 Horse Collar
33:18 Imperial Age
35:26 Gold Mining
38:16 Elite Conquistador
38:26 Elite Conquistador
39:22 Padded Archer Armor
40:30 Chemistry
39:44 Stone Mining
49:18 Two-Man Saw
48:33 Scale Barding Armor
48:38 Forging
48:51 Conscription
49:05 Cavalier
49:46 Husbandry
49:56 Bloodlines
51:00 Hand Cart
50:15 Paladin
52:18 Iron Casting
52:04 Chain Barding Armor
55:12 Blast Furnace
54:48 Plate Barding Armor
60:31 Murder Holes
60:57 Ballistics
61:19 Stone Shaft Mining
64:36 Bodkin Arrow
64:56 Leather Archer Armor
Connection lost

Rejoining the realm…

Still unreachable

The connection could not be restored.

Session expired

The server has moved on; the page needs a fresh start.